 Dungeon Crawl Stone Soup version 0.23.0-3-gf3c87f2 (webtiles) character file.

Game seed: 15611198442368971374

266 Borgoz the Sneak (level 6, 0/50 (51) HPs)
             Began as a Ghoul Assassin on Feb 24, 2019.
             Killed by divine providence
             ... invoked by an orc priest
              (9 damage)
             ... on level 5 of the Dungeon.
             The game lasted 00:09:40 (3506 turns).

Borgoz the Sneak (Ghoul Assassin)                   Turns: 3506, Time: 00:09:42

HP:   0/50 (51)     AC:  5    Str: 15    XL:     6   Next: 20%
MP:   5/5           EV: 12    Int:  8    God:
Gold: 250           SH:  0    Dex: 10    Spells: 5/5 levels left

rFire    . . .     SeeInvis .   a - +2 dagger
rCold    + . .     Gourm    .   (no shield)
rNeg     + + +     Faith    .   k - +0 leather armour
rPois    ∞         Spirit   .   (no helmet)
rElec    .         Reflect  .   d - +0 cloak
rCorr    .         Harm     .   n - +0 pair of gloves
MR       .....                  (no boots)
Stlth    ++........             (no amulet)
HPRegen  0.00/turn              (no ring)
MPRegen  0.09/turn              (no ring)

@: rotting
A: rotting body, claws 1, carnivore, cold resistance 1, negative energy
resistance 3, inhibited regeneration, torment resistance, unbreathing
a: no special abilities


You were on level 5 of the Dungeon.
You were not hungry.

You visited 1 branch of the dungeon, and saw 6 of its levels.

You collected 250 gold pieces.

Inventory:

Hand Weapons
 a - a +2 dagger (weapon)
 b - a +0 blowgun
Missiles
 e - 62 poisoned needles
 f - 2 curare-tipped needles
Armour
 d - a +0 cloak (worn)
 k - a +0 leather armour (worn)
 n - a +0 pair of gloves (worn)
Jewellery
 h - an uncursed ring of ice
Wands
 i - a wand of flame (1)
Scrolls
 l - 2 scrolls of teleportation
 q - a scroll of enchant weapon {unknown}
 r - 2 scrolls of identify
Potions
 c - a potion of might
 o - 3 potions of flight
Comestibles
 g - 7 rations


   Skills:
 + Level 3.2 Fighting
 * Level 3.6 Short Blades
 - Level 1.7 Throwing
 + Level 1.7 Armour
 * Level 3.2 Dodging
 - Level 4.4 Stealth


You had 5 spell levels left.
You didn't know any spells.
Your spell library was empty.

Dungeon Overview and Level Annotations

Branches:
Dungeon (6/15)
 Temple: D:4-7

Altars:
Gozag
Qazlal


Innate Abilities, Weirdness & Mutations

Your body is rotting away.
You thrive on raw meat.
You are immune to poison.
You have sharp fingernails.
You are carnivorous and can eat meat at any time.
Your flesh is cold resistant. (rC+)
You are immune to negative energy. (rN+++)
You do not regenerate when monsters are visible.
You are immune to unholy pain and torment.
You can survive without breathing.


Message History

An orc comes into view.
The orc shouts!
You hear a shout!
There is a stone staircase leading up here.
The orc shouts!
You hear a shout!
The orc closely misses you.
The orc warrior hits you with a +0 war axe!
* * * LOW HITPOINT WARNING * * *
The orc hits you but does no damage.
You climb upwards.
You hear the sound of rushing water.
There is an entrance to a sewer on this level.
Hurry and find it before the portal rusts away!
The orc shouts!
An orc and 2 orc priests come into view.
The orc priest shouts!
The orc shouts!
You hear a shout!
Found a scroll of identify, 18 sling bullets and a scroll of teleportation.
There is a stone staircase leading down here.
An orc comes into view.
It is wielding a +1 falchion of protection.
The orc priest mumbles some strange prayers to Beogh against you.
Beogh smites you!
You die...

......# ....#..
?......
####.....##
#...o..oo..
#.......# .
#.>.oo..# ...
#.oo#######.....
#..oo.o.@.......
#.?.#########..#
#..(# #...#
#...# #...#
###.# #.


You could see an orc warrior, an orc priest and 3 orcs.

Vanquished Creatures
  A jelly (D:3)
  2 orc wizards
  Terence (D:2)
  5 adders
  An ooze (D:2)
  3 worms
  4 dart slugs
  2 leopard geckos (D:2)
  6 orcs
  4 giant cockroaches (D:2)
  13 goblins
  5 hobgoblins
  7 jackals
  13 kobolds
  A quokka (D:3)
  4 bats
  6 frilled lizards
  A leopard gecko skeleton (D:4)
  8 rats
87 creatures vanquished.

Vanquished Creatures (others)
  5 toadstools (D:1)
5 creatures vanquished.

Grand Total: 92 creatures vanquished

Notes
Turn   | Place    | Note
-------+----------+-------------------------------------------
     0 | D:1      | Borgoz the Ghoul Assassin began the quest for the Orb.
     0 | D:1      | Reached XP level 1. HP: 17/17 MP: 0/0
    31 | D:1      | Reached skill level 1 in Dodging
    86 | D:1      | Reached XP level 2. HP: 24/24 MP: 1/1
   342 | D:1      | Reached XP level 3. HP: 29/30 MP: 2/2
   685 | D:2      | Found an opulent altar of Gozag.
   772 | D:2      | Reached XP level 4. HP: 28/37 MP: 3/3
   797 | D:2      | Reached skill level 1 in Armour
  1194 | D:2      | Noticed Terence
  1234 | D:2      | Killed Terence
  1509 | D:2      | Reached XP level 5. HP: 8/44 MP: 4/4
  3062 | D:4      | Reached XP level 6. HP: 51/51 MP: 5/5
  3454 | D:4      | You fall through a shaft for 2 floors!
  3473 | D:6      | Found a stormy altar of Qazlal.
  3495 | D:6      | Noticed an orc warrior
  3500 | D:5      | Entered Level 5 of the Dungeon
  3506 | D:5      | Killed from afar by an orc priest

Skill      XL: |  1  2  3  4  5 |
---------------+----------------+-----
Dodging        | 1 2 3 |  3.2
Short Blades   | 2 3 |  3.6
Armour         | 1 |  1.7
Fighting       | 3 |  3.2
Throwing       | |  1.7
Stealth        | |  4.4

Action                   |  1- 3 |  4- 6 || total
-------------------------+-------+-------++-------
Melee: Dagger            |   112 |   276 ||   388
 Fire: Blowgun           |       |     5 ||     5
Evoke: Wand              |       |     1 ||     1
  Use: Potion            |       |     7 ||     7
       Scroll            |       |     2 ||     2
 Stab: Sleeping          |     4 |     6 ||    10
  Eat: Chunk             |     2 |    20 ||    22
Armor: Leather armour    |    34 |    58 ||    92
Dodge: Dodged            |    52 |   139 ||   191
